 Dungeon Crawl Stone Soup version 0.21.1-1-g345015f (webtiles) character file.

607 Fang the Chopper (level 7, -4/44 HPs)
             Began as a Gargoyle Berserker on May 6, 2018.
             Was a Priest of Trog.
             Slain by an iguana (6 damage)
             ... on level 4 of the Dungeon.
             The game lasted 00:05:39 (3439 turns).

Fang the Chopper (Gargoyle Berserker)               Turns: 3439, Time: 00:05:39

Health: -4/44      AC:  7    Str: 23    XL:     7   Next: 43%
Magic:  7/7        EV: 13    Int:  7    God:    Trog [***...]
Gold:   123        SH:  0    Dex:  9    Spells: 6/6 levels left

rFire    + . .     SeeInvis .   a - +0 hand axe
rCold    x . .     Gourm    .   (no shield)
rNeg     + . .     Faith    .   b - +0 animal skin
rPois    ∞         Spirit   .   (no helmet)
rElec    +         Reflect  .   (no cloak)
rCorr    .         Harm     .   (no gloves)
MR       .....                  (no boots)
Stlth    ++........             (no amulet)
HPRegen  0.14/turn              h - ring of fire
MPRegen  0.10/turn              (no ring)

@: berserk cooldown, slowed, very slow
A: negative energy resistance 1, electricity resistance, unbreathing,
petrification resistance, rot immunity, AC +4
a: Berserk, Trog's Hand, Burn Spellbooks, Renounce Religion


You were on level 4 of the Dungeon.
You worshipped Trog.
Trog was most pleased with you.
You were near starving.

You visited 1 branch of the dungeon, and saw 4 of its levels.

You collected 123 gold pieces.

Inventory:

Hand Weapons
 a - a +0 hand axe (weapon)
Missiles
 m - 3 silver javelins (quivered)
Armour
 b - a +0 animal skin (worn)
Jewellery
 h - a ring of fire (left hand)
Wands
 r - a wand of paralysis (14)
Scrolls
 g - a scroll of identify
 p - 3 scrolls of remove curse
Potions
 d - a potion of heal wounds
 e - 4 potions of curing {unknown}
 f - a potion of resistance {unknown}
 i - a potion of lignification {unknown}
 j - 5 potions of flight {unknown}
 k - 2 potions of mutation {unknown}
 l - a potion of haste {unknown}
 n - a potion of degeneration {unknown}
 o - a potion of agility {unknown}
 q - a potion of ambrosia {unknown}
 s - a potion of brilliance {unknown}
Comestibles
 c - 3 rations


   Skills:
 + Level 4.7 Fighting
 + Level 5.9 Axes
 + Level 2.4 Armour
 + Level 3.2 Dodging
 + Level 1.8 Stealth


You had 6 spell levels left.
You didn't know any spells.

Dungeon Overview and Level Annotations

Branches:
Dungeon (4/15)
 Temple: D:4-7

Altars:
Fedhas
Kikubaaqudgha
Nemelex Xobeh
Uskayaw

Shops:
D:4 [


Innate Abilities, Weirdness & Mutations

You are resistant to torment.
Your stone body is resilient. (AC +4)
You are immune to poison.
You resist negative energy. (rN+)
You are resistant to electric shocks. (rElec)
You can survive without breathing.
You are immune to petrification.
You are immune to rotting.


Message History

Trog accepts your kill.
You start resting.
An iguana comes into view.
An iguana is nearby!
An iguana is nearby!
You feel a strong urge to attack something.
The iguana hisses angrily.
You hear a shout!
You feel your anger nearly subside.
You are no longer berserk.
You are exhausted.
You feel yourself slow down. The iguana misses you.
You slash the iguana!
The iguana is severely wounded.
The iguana bites you!
* * * LOW HITPOINT WARNING * * *
The iguana barely misses you.
You hit the iguana but do no damage.
The iguana is severely wounded.
The iguana bites you.
You die...

# # #. # ##.# ####### #
#!#...# #.. ..# #
....... #.# #.# ####
#......######.# #.#
#...
#.))l@..###.#######.##
#.#####.............<..
..# ##.##############
#.#. #.# # #. # #.# #
.. #.# # # #+# # # #


You could see an iguana.

Vanquished Creatures
  Grinder (D:3)
  A phantom (D:4)
  A hound (D:2)
  2 orc priests
  A bullfrog skeleton (D:4)
  An iguana (D:3)
  Terence (D:3)
  A howler monkey skeleton (D:4)
  7 adders
  A dart slug (D:2)
  6 leopard geckos
  7 orcs
  3 giant cockroaches
  5 goblins
  7 hobgoblins
  9 jackals
  5 kobolds
  4 quokkas
  4 bats
  2 frilled lizards
  8 rats
77 creatures vanquished.

Notes
Turn   | Place    | Note
-------+----------+-------------------------------------------
     0 | D:1      | Fang the Gargoyle Berserker began the quest for the Orb.
     0 | D:1      | Reached XP level 1. HP: 14/14 MP: 1/1
   420 | D:1      | Reached XP level 2. HP: 9/19 MP: 2/2
   420 | D:1      | Reached skill level 3 in Axes
  1026 | D:2      | Reached XP level 3. HP: 17/23 MP: 3/3
  1328 | D:2      | Reached ** piety under Trog
  1328 | D:2      | Reached XP level 4. HP: 13/29 MP: 4/4
  1704 | D:2      | Reached skill level 4 in Axes
  1772 | D:2      | Found a blossoming altar of Fedhas.
  1773 | D:2      | Found an ancient bone altar of Kikubaaqudgha.
  2190 | D:3      | Found a hide-covered altar of Uskayaw.
  2214 | D:3      | Reached XP level 5. HP: 21/33 MP: 5/5
  2416 | D:3      | Found a sparkling altar of Nemelex Xobeh.
  2547 | D:3      | Reached skill level 1 in Stealth
  2547 | D:3      | Reached XP level 6. HP: 38/38 MP: 6/6
  2593 | D:3      | Noticed Grinder
  2601 | D:3      | Killed Grinder
  2601 | D:3      | Reached skill level 5 in Axes
  2927 | D:3      | Noticed Terence
  2943 | D:3      | Killed Terence
  2943 | D:3      | Reached XP level 7. HP: 30/44 MP: 7/7
  3277 | D:4      | Found Huomeash's Armour Boutique.
  3378 | D:4      | Reached *** piety under Trog
  3438 | D:4      | HP: 2/44 [iguana (8)]
  3439 | D:4      | Slain by an iguana

Skill      XL: |  1  2  3  4  5  6 |
---------------+-------------------+-----
Axes           | 3 4 5 |  5.9
Dodging        | 2 3 |  3.2
Fighting       | 4 |  4.7
Stealth        | 1 |  1.8
Armour         | |  2.4

Action                   |  1- 3 |  4- 6 |  7- 9 || total
-------------------------+-------+-------+-------++-------
Melee: Hand axe          |   105 |   146 |    59 ||   310
Invok: Berserk           |     1 |     2 |     1 ||     4
  Use: Scroll            |       |     4 |     1 ||     5
 Stab: Sleeping          |     1 |     3 |       ||     4
  Eat: Chunk             |     1 |     5 |     1 ||     7
       Ration            |       |     1 |       ||     1
Armor: Animal skin       |    36 |    62 |    15 ||   113
Dodge: Dodged            |    89 |    89 |    24 ||   202
